 Seeded DCSS version 0.29-a0-973-gac7da5f7f0 (webtiles) character file.

Game seed: 20220731 (custom seed)

29561 purpskrrrp the Scorcher (level 13, -3/94 HPs)
             Began as a Red Draconian Fire Elementalist on July 31, 2022.
             Was a Believer of Qazlal.
             Slain by an ettin
             ... wielding a +0 dire flail
              (33 damage)
             ... on level 2 of the Orcish Mines.
             The game lasted 02:25:03 (17696 turns).

purpskrrrp the Scorcher (DrFE)                     Turns: 17696, Time: 02:25:04

Health: -3/94      AC: 13    Str: 11    XL:     13   Next: 15%
Magic:  23/29      EV: 13    Int: 26    God:    Qazlal [**....]
Gold:   907        SH:  3    Dex: 12    Spells: 17/36 levels left

rFire   + + .      SeeInvis .   d - staff of fire
rCold   . . .      Faith    .   (no shield)
rNeg    . . .      Spirit   .   (body armour unavailable)
rPois   .          Reflect  .   (helmet restricted)
rElec   .          Harm     .   F - scarf {repulsion}
rCorr   .          Rampage  .   P - +0 pair of gloves
Will    .....                   (no boots)
Stlth   ++........              a - amulet of regeneration
HPRegen 1.05/turn               b - +4 ring of protection
MPRegen 0.21/turn               q - +6 ring of intelligence

@: short of breath, studying Fighting, repel missiles
A: breathe fire, AC +8, unfitting armour, fire resistance 1, cold-blooded
a: Breathe Fire, Renounce Religion, Upheaval


You were on level 2 of the Orcish Mines.
You worshipped Qazlal.
Qazlal was pleased with you.
You visited 2 branches of the dungeon, and saw 15 of its levels.

You collected 1175 gold pieces.
You spent 268 gold pieces at shops.

Inventory:

Hand Weapons
 c - the +6 dagger of Nuicoova {flame, *Corrode Fly Str+2}
   (You took it off a centaur on level 9 of the Dungeon)

   It burns those it strikes, dealing additional fire damage.
   Str:       It affects your strength (+2).
   Fly:       It grants you flight.
   *Corrode:  It may corrode you when you take damage.
 Q - the +5 arbalest of Exoneration {flame, rCorr Dex+3}
   (You found it on level 12 of the Dungeon)

   Any ammunition fired from it burns those it strikes, dealing additional fire
   damage.
   Dex:       It affects your dexterity (+3).
   rCorr:     It protects you from acid and corrosion.
Missiles
 v - 12 javelins
Armour
 x - a +0 robe
 F - a scarf of repulsion (worn)
 P - a +0 pair of gloves (worn)
Magical Staves
 d - a staff of fire (weapon)
Jewellery
 a - an amulet of regeneration (around neck)
 b - a +4 ring of protection (left hand)
 h - an amulet of faith
 j - a ring of resist corrosion
 p - an amulet of the acrobat
 q - a +6 ring of intelligence (right hand)
 G - a ring of positive energy
 K - a +4 ring of slaying
 L - a ring of see invisible
Wands
 A - a wand of iceblast (20)
 J - a wand of flame (9)
 M - a wand of polymorph (7)
Scrolls
 f - 3 scrolls of immolation
 s - 7 scrolls of teleportation
 u - 2 scrolls of enchant weapon
 w - 4 scrolls of enchant armour
 y - 4 scrolls of magic mapping
 z - 2 scrolls of amnesia {unknown}
 B - a scroll of brand weapon
 I - a scroll of vulnerability {unknown}
 N - a scroll of identify
Potions
 e - 2 potions of lignification
 i - 2 potions of haste
 m - a potion of might
 r - a potion of flight {unknown}
 C - a potion of mutation {unknown}
 H - 2 potions of cancellation {unknown}
 O - a potion of attraction {unknown}
 R - a potion of ambrosia {unknown}
 U - a potion of brilliance {unknown}
Miscellaneous
 l - a tin of tremorstones (2/2)
 t - a box of beasts
 D - a condenser vane


   Skills:
 + Level 3.0 Fighting
 + Level 2.0 Staves
 + Level 5.0 Dodging
 - Level 2.0 Stealth
 + Level 0.1 Shields
 + Level 12.0 Spellcasting
 * Level 5.0 Conjurations
 + Level 0.4 Transmutations
 * Level 19.6 Fire Magic
 + Level 0.7 Poison Magic
 * Level 1.4 Evocations


You had 17 spell levels left.
You knew the following spells:

 Your Spells              Type           Power      Damage    Failure   Level
a - Foxfire               Conj/Fire      100%       2x1d9     1%          1
b - Scorch                Fire           100%       2d10      0%          2
c - Flame Wave            Conj/Fire      88%        2d19      1%          4
d - Conjure Flame         Conj/Fire      88%        6-21      1%          3
e - Spider Form           Tmut/Pois      18%        N/A       9%          3
f - Starburst             Conj/Fire      44%        6d12      3%          6

Your spell library contained the following spells:

 Spells                   Type           Power      Damage    Failure   Level
 Magic Dart               Conj           100%       1d8       1%          1
 Inner Flame              Hex/Fire       79%        N/A       1%          3
 Apportation              Tloc           30%        N/A       3%          1
 Necrotise                Necr           60%        1d7       3%          1
 Summon Small Mammal      Summ           60%        N/A       3%          1
 Poisonous Vapours        Pois/Air       34%        N/A       4%          2
 Wereblood                Tmut           17%        N/A       4%          2
 Dazzling Flash           Conj/Hex       56%        N/A       4%          3
 Mephitic Cloud           Conj/Pois/Air  25%        N/A       4%          3
 Call Imp                 Summ           15%        N/A       5%          2
 Ensorcelled Hibernation  Hex/Ice        30%        N/A       5%          2
 Sublimation of Blood     Necr           15%        N/A       5%          2
 Iskenderun's Mystic Bla  Conj/Tloc      28%        2d7       13%         4
 Corpse Rot               Necr/Pois/Air  16%        N/A       32%         4
 Airstrike                Air            7%         0-4+      36%         4
 Anguish                  Hex/Necr       7%         N/A       36%         4
 Leda's Liquefaction      Hex/Erth       7%         N/A       36%         4
 Summon Ice Beast         Ice/Summ       15%        N/A       36%         4
 Summon Lightning Spire   Summ/Air       15%        N/A       36%         4
 Lightning Bolt           Conj/Air       14%        1d27      36%         5
 Lee's Rapid Deconstruct  Erth           7%         3d8*      71%         5
 Summon Mana Viper        Hex/Summ       15%        N/A       71%         5
 Statue Form              Tmut/Erth      10%        N/A       99%         6
 Monstrous Menagerie      Summ           7%         N/A       100%        7
 Summon Hydra             Summ           7%         N/A       100%        7


Dungeon Overview and Level Annotations

Branches:
Dungeon (13/15)            Temple (0/1) D:4            Lair (0/5) D:11
    Orc (2/2) D:9             Elf (0/3) Orc:2
 Vaults: D:13-14

Altars:
Ashenzari
Gozag
Makhleb
Qazlal
Sif Muna
Trog
The Shining One

Shops:
D:9 *   D:10 [*??

Annotations:
D:10 3 runed translucent doors, exclusion: obsidian statue, scionoferis's ghost, novice OpIE


Innate Abilities, Weirdness & Mutations

You can breathe blasts of fire.
Your fiery red scales are hard. (AC +8)
You cannot fit into any form of body armour.
Your flesh is heat resistant. (rF+)
You are cold-blooded and may be slowed by cold attacks.


Message History

You feel a surge of power!
Flames lash the orc knight.
The orc knight is lightly wounded.
The orc knight's fire resistance burns away.
You feel a surge of power!
Flames lash the orc knight.
The orc knight is burned terribly!
The orc knight is lightly wounded.
Things that are here:
a +0 plate armour; a +0 war axe You feel a surge of power!
Flames lash the orc knight.
The orc knight is lightly wounded.
The orc knight barely misses you.
You feel a surge of power!
Flames lash the orc knight.
The orc knight is burned terribly!
The orc knight is moderately wounded.
The orc knight hits you with a +0 great sword!!
You hit the orc knight but do no damage.
You burn the orc knight!!
The orc knight is severely wounded.
The orc knight barely misses you.
You closely miss the orc knight.
The orc knight is severely wounded.
The orc knight hits you with a +0 great sword! x2
Aiming: Breathe Fire (2% risk of failure)
Press: ? - help, Shift-Dir - straight line, f - ettin
Aim: an ettin, wielding two +0 dire flails (94% to hit)
You breathe a blast of fire.
The fiery breath hits the orc knight but does no damage.
The orc knight is severely wounded.
The fiery breath hits the ettin!
The ettin is lightly wounded.
The orc knight hits you with a +0 great sword!!
The ettin attacks as you move away! You block the ettin's attack.
The ettin closely misses you.
Items here: ( ))) [[ ÷÷÷.
Things that are here:
a +0 dagger; a +0 leather armour The ettin attacks as you move away!
The ettin hits you with a +0 dire flail.
The ettin hits you with a +0 dire flail!!
You die...

....))........................∩∩.
#..#....)....#...###.....###.....
#.......#.)..##..##.....##...88..
##................#...#.#........
###......#......<#....#.....8...
##.##.....#.........#.........
###.#...##....#........#.....
#.......##...#....#........#
##.##..####@.)....#...
###########C#......8.
##....)......#. #.....o#........
##..[.##.#...#. #..[9.###.....
##.).###....#. ##.#...........
#..............


You could see an orc knight (combustible) and an ettin.

Vanquished Creatures
  3 boulder beetles
  2 hydras (D:12)
  3 two-headed ogres
  3 centaur warriors
  A tengu warrior (D:9)
  An orc high priest (Orc:1)
  3 slime creatures (D:12)
  An orc knight (Orc:2)
  6 orc sorcerers
  An ugly thing (D:8)
  2 manticores
  2 gargoyles
  A kobold demonologist (D:9)
  A komodo dragon (D:11)
  3 saltlings
  A hornet (D:8)
  6 trolls
  2 shadows (D:11)
  Sigmund (D:4)
  A wyvern (D:10)
  Eustachio (D:4)
  A basilisk (D:13)
  15 humans (D:13)
  2 wraiths
  16 yaks
  An acid dragon (D:8)
  2 wargs
  2 water moccasins
  An ice beast (D:8)
  2 black bears (D:4)
  23 orc warriors
  A sky beast (D:5)
  5 ogres
  7 centaurs
  Blork the orc (D:6)
  2 phantoms (D:5)
  5 kobold brigands
  3 bullfrogs
  2 necrophages (D:6)
  8 scorpions
  A gnoll sergeant (D:7)
  5 wights (D:9)
  8 killer bees
  4 howler monkeys
  An electric eel (D:7)
  5 hounds
  A gnoll bouda (D:8)
  12 orc priests
  3 iguanas
  20 orc wizards
  10 gnolls
  9 adders
  A shadow imp (D:6)
  2 white imps
  An ufetubus (D:5)
  A worm (D:4)
  A dart slug (D:1)
  58 orcs
  11 bats
  4 endoplasms
  3 giant cockroaches
  8 goblins
  2 hobgoblins
  3 jackals (D:5)
  25 kobolds
  3 quokkas
  5 ball pythons
  5 rats
356 creatures vanquished.

Vanquished Creatures (collateral kills)
  A necromancer (D:13)
  A human (D:13)
2 creatures vanquished.

Vanquished Creatures (others)
  An orc (Orc:2)
  44 foxfires
  18 fungi (D:6)
  3 pillars of salt (Orc:2)
66 creatures vanquished.

Grand Total: 424 creatures vanquished

Notes
Turn   | Place    | Note
-------+----------+-------------------------------------------
     0 | D:1      | purpskrrrp the Draconian Fire Elementalist began the quest
                  | for the Orb.
     0 | D:1      | Reached XP level 1. HP: 14/14 MP: 3/3
   443 | D:1      | Found a faded altar of an unknown god.
   462 | D:1      | Reached XP level 2. HP: 20/20 MP: 1/5
  1350 | D:2      | Reached XP level 3. HP: 25/26 MP: 2/6
  1353 | D:2      | Learned a level 2 spell: Scorch
  2304 | D:3      | Reached skill level 4 in Fire Magic
  2611 | D:3      | Reached XP level 4. HP: 33/33 MP: 2/7
  2722 | D:3      | You fall into a shaft and drop 3 floors!
  2772 | D:5      | Entered Level 5 of the Dungeon
  2778 | D:5      | Found a shimmering blue altar of Sif Muna.
  2872 | D:5      | Noticed a sky beast
  2880 | D:5      | Killed a sky beast
  2881 | D:5      | Reached XP level 5. HP: 38/38 MP: 0/9
  3010 | D:5      | Reached skill level 5 in Fire Magic
  3061 | D:5      | Noticed a phantom
  3066 | D:5      | Killed a phantom
  3071 | D:5      | Reached XP level 6. HP: 45/45 MP: 1/11
  3202 | D:5      | Reached skill level 6 in Fire Magic
  3333 | D:5      | Your scales start taking on a fiery red colour.
  3333 | D:5      | Reached skill level 7 in Fire Magic
  3333 | D:5      | Reached XP level 7. HP: 50/50 MP: 0/13
  3333 | D:5      | Gained mutation: Your flesh is heat resistant. (rF+) [Red
                  | Draconian growth]
  3426 | D:5      | Learned a level 4 spell: Flame Wave
  3701 | D:6      | Reached skill level 8 in Fire Magic
  4123 | D:6      | Reached skill level 9 in Fire Magic
  4363 | D:6      | Reached skill level 5 in Spellcasting
  4363 | D:6      | Reached XP level 8. HP: 57/57 MP: 10/15
  4689 | D:6      | Reached skill level 10 in Fire Magic
  5003 | D:6      | Noticed Blork the orc
  5007 | D:6      | Killed Blork the orc
  5397 | D:7      | Reached skill level 11 in Fire Magic
  5919 | D:8      | Reached XP level 9. HP: 62/62 MP: 13/18
  6447 | D:8      | Reached skill level 12 in Fire Magic
  6874 | D:8      | Reached skill level 13 in Fire Magic
  7045 | D:8      | Identified the +8 broad axe of Nemelex Xobeh's Wrath
                  | {freeze, Dex+3}
  7234 | D:8      | Identified the +3 ring mail of Xapetaxt {Drain rF++ rN++}
  7284 | D:8      | Learned a level 3 spell: Conjure Flame
  7545 | D:9      | Reached XP level 10. HP: 58/69 MP: 14/21
  7666 | D:9      | Found Keripid's Neck Hole.
  7674 | D:9      | Bought a scarf of repulsion for 168 gold pieces
  7911 | D:9      | Noticed a boulder beetle
  7931 | D:8      | Reached skill level 14 in Fire Magic
  8115 | D:8      | Learned a level 3 spell: Spider Form
  8131 | D:9      | Killed a boulder beetle
  8198 | D:9      | Found a glowing golden altar of the Shining One.
  8236 | D:9      | Noticed a tengu warrior
  8280 | D:9      | Killed a tengu warrior
  8448 | D:9      | Noticed a centaur warrior
  8455 | D:9      | Killed a centaur warrior
  8456 | D:9      | Reached skill level 1 in Staves
  8456 | D:9      | Reached skill level 15 in Fire Magic
  8552 | D:9      | Identified the +6 dagger of Nuicoova {flame, *Corrode Fly
                  | Str+2}
  8579 | D:9      | Noticed a green ugly thing
  8592 | D:8      | Killed a green ugly thing
  8819 | D:9      | Reached XP level 11. HP: 56/74 MP: 0/24
  8991 | D:9      | Found a staircase to the Orcish Mines.
  9053 | D:9      | Noticed a boulder beetle
  9166 | D:9      | Killed a boulder beetle
  9167 | D:9      | Reached skill level 16 in Fire Magic
  9801 | D:10     | Entered Level 10 of the Dungeon
  9801 | D:10     | Found a broken altar of Ashenzari.
  9806 | D:10     | Found Anuexonut's General Store.
  9814 | D:10     | Bought a scroll of identify for 22 gold pieces
  9836 | D:10     | Found More's Magic Scroll Boutique.
  9844 | D:10     | Bought a scroll of identify for 26 gold pieces
  9844 | D:10     | Bought a scroll of identify for 26 gold pieces
  9844 | D:10     | Bought a scroll of identify for 26 gold pieces
 10188 | D:10     | Found Sixzevir's Antique Armour Boutique.
 10320 | D:10     | Found Effynax's Magic Scroll Boutique.
 10545 | D:10     | Found a runed translucent gate.
 10546 | D:10     | Found a runed translucent gate.
 10547 | D:10     | Found a runed translucent gate.
 10548 | D:10     | Found an opulent altar of Gozag.
 10549 | D:10     | Noticed a five-headed hydra
 10549 | D:10     | Noticed a tengu warrior
 10549 | D:10     | Noticed scionoferis's ghost (novice OpIE)
 10549 | D:10     | Noticed an obsidian statue
 10550 | D:10     | Noticed a great orb of eyes
 10944 | D:11     | Found a staircase to the Lair.
 11132 | D:11     | Noticed a boulder beetle
 11161 | D:11     | Killed a boulder beetle
 11162 | D:11     | Reached skill level 10 in Spellcasting
 11162 | D:11     | Reached skill level 17 in Fire Magic
 11800 | D:11     | Noticed a two-headed ogre
 11812 | D:11     | Killed a two-headed ogre
 11855 | D:11     | Noticed a centaur warrior
 11887 | D:11     | Killed a centaur warrior
 12554 | D:4      | Noticed Sigmund
 12557 | D:4      | Killed Sigmund
 12762 | D:4      | Found a staircase to the Ecumenical Temple.
 13243 | D:4      | Noticed Eustachio
 13249 | D:4      | Killed Eustachio
 13378 | D:4      | Found a stormy altar of Qazlal.
 13386 | D:4      | Found a burning altar of Makhleb.
 13400 | D:4      | Found a bloodstained altar of Trog.
 13771 | D:4      | Became a worshipper of Qazlal Stormbringer
 14333 | D:12     | Learned a level 6 spell: Starburst
 14373 | D:12     | Noticed a six-headed hydra
 14378 | D:12     | Killed a six-headed hydra
 14657 | D:12     | Noticed a centaur warrior
 14670 | D:12     | Killed a centaur warrior
 14671 | D:12     | Reached skill level 18 in Fire Magic
 14671 | D:12     | Reached XP level 12. HP: 62/81 MP: 15/26
 15205 | D:12     | Noticed a four-headed hydra
 15211 | D:12     | Killed a four-headed hydra
 15292 | D:12     | Reached * piety under Qazlal
 15435 | D:12     | Noticed a two-headed ogre
 15446 | D:12     | Killed a two-headed ogre
 15447 | D:12     | Reached skill level 1 in Fighting
 15597 | D:12     | Identified the +5 arbalest of Exoneration {flame, rCorr
                  | Dex+3}
 16009 | D:13     | Reached skill level 19 in Fire Magic
 16027 | D:13     | Noticed a vault guard
 16048 | D:13     | Noticed a vault guard
 16308 | Orc:1    | Entered Level 1 of the Orcish Mines
 16627 | Orc:2    | Entered Level 2 of the Orcish Mines
 16627 | Orc:2    | Noticed an orc high priest
 16640 | Orc:1    | Killed an orc high priest
 16762 | Orc:2    | Found a staircase to the Elven Halls.
 16948 | Orc:1    | Reached ** piety under Qazlal
 16949 | Orc:1    | Reached skill level 5 in Dodging
 17141 | Orc:2    | Reached XP level 13. HP: 77/93 MP: 15/28
 17145 | Orc:2    | Paralysed by an orc sorcerer for 4 turns
 17182 | Orc:2    | Noticed an ettin
 17221 | Orc:1    | HP: 2/94 [warg (8)]
 17238 | Orc:1    | Reached skill level 1 in Evocations
 17549 | Orc:2    | Reached skill level 5 in Conjurations
 17696 | Orc:2    | Slain by an ettin

Illustrated notes

Levels and vault maps discovered:
D:1:      grunt_arrival_lava_bath, layout_loops_corners,
          hellmonk_ecumenical_altar_lost_god
D:2:      layout_loops_ring
D:3:      layout_rooms
D:4:      layout_loops_corners, minitemple, minmay_temple_entry_trees,
          minmay_pentomino_pile, uniq_sigmund, uniq_eustachio
D:5:      layout_basic, general_overflow_altar
D:6:      old_forge, layout_basic, uniq_blork_the_orc
D:7:      layout_basic, minmay_crystal_water
D:8:      layout_basic, grunt_ministairs_11, minivault_5, serial_bayou_pond_d
D:9:      minmay_the_grid_square_5x5_3x3 [minmay_the_grid_square_5x5_longway,
          minmay_the_grid_square_5x5_half_checkered,
          minmay_the_grid_square_5x5_spiral, minmay_the_grid_square_5x5_empty,
          minmay_the_grid_square_5x5_megaprize_open,
          minmay_the_grid_square_5x5_fancy_junction,
          minmay_the_grid_square_5x5_lines, minmay_the_grid_square_5x5_z,
          minmay_the_grid_square_5x5_two_walls_b], layout_layer_cave,
          nicolae_tso_carved_into_rock, david_orc_5,
          nicolae_shop_sticking_my_neck_out
D:10:     layout_basic, nicolae_overflow_hidden_temple, serial_shops, shop,
          nicolae_shop_statue_plus, nicolae_square_shop, shop_fountains,
          ebering_ghost_gozag, bh_walls_and_bars
D:11:     layout_long_grid, lair_entry_dummy
D:12:     layout_loops_ring, dk_vineyard_3
D:13:     layout_roguey, grunt_vaults_entry_tiered, serial_shops,
          nicolae_shop_advertising_works [nicolae_subvault_shop_adworks]
Orc:1:    layout_caves, sword_in_stone
Orc:2:    hellmonk_orc_salted, layout_caves, basic_altar

Skill      XL: |  1  2  3  4  5  6  7  8  9 10 11 12 13 |
---------------+----------------------------------------+-----
Dodging        | 2 3 4 5 |  5.0
Stealth        | 2 |  2.0
Fire Magic     | 4 5 7 9 11 13 15 18 19 | 19.6
Spellcasting   | 3 4 5 6 7 9 10 11 12 | 12.0
Conjurations   | 2 4 5 |  5.0
Staves         | 1 2 |  2.0
Fighting       | 2 3 |  3.0
Evocations     | 1 |  1.4
Shields        | |  0.1
Transmutations | |  0.4
Poison Magic   | |  0.7

Action                   |  1- 3 |  4- 6 |  7- 9 | 10-12 | 13-15 || total
-------------------------+-------+-------+-------+-------+-------++-------
Melee: Unarmed           |     7 |       |       |    37 |       ||    44
       Tailslap          |     6 |       |     6 |    32 |     3 ||    47
       Staff             |    29 |     1 |    67 |   165 |    33 ||   295
       Punch             |       |       |       |     2 |       ||     2
 Cast: Foxfire           |    33 |       |     1 |       |       ||    34
       Scorch            |    20 |    25 |   109 |   301 |    34 ||   489
       Flame Wave        |       |       |    12 |    11 |     1 ||    24
       Conjure Flame     |       |       |     1 |    12 |     1 ||    14
       Spider Form       |       |       |       |     4 |       ||     4
       Starburst         |       |       |       |     4 |     3 ||     7
 Abil: Breathe Fire      |       |       |     8 |    33 |     3 ||    44
Evoke: Wand              |       |       |       |     1 |       ||     1
       Box of beasts     |       |       |       |     1 |       ||     1
       Tin of tremorston |       |       |       |     1 |       ||     1
  Use: Scroll            |     5 |       |       |    17 |     9 ||    31
       Potion            |     2 |       |       |    14 |     6 ||    22
 Stab: Sleeping          |     1 |       |       |       |       ||     1
       Invisible         |       |       |       |     1 |       ||     1
Armor: Skin              |    27 |    10 |    56 |   157 |    16 ||   266
Dodge: Dodged            |    40 |     9 |    92 |   338 |    55 ||   534
       Repelled          |       |       |       |     6 |     1 ||     7
Block: Other             |       |       |       |     6 |    16 ||    22

Table legend: (Time is in decaauts)
 A = Elapsed time spent in this place.
 B = Non-inter-level travel time spent in this place.
 C = Inter-level travel time spent in this place.
 D = Time resting spent in this place.
 E = Time spent auto-exploring this place.
 F = Levels seen in this place.
 G = Mean time per level.
                   A        B        C        D        E       F      G
               +--------+--------+--------+--------+--------+-----+--------+
         Total |  17739 |  16654 |   1085 |   4551 |   9129 |  15 | 1182.6 |
       Dungeon |  16362 |  15311 |   1051 |   4061 |   8781 |  13 | 1258.6 |
  Orcish Mines |   1376 |   1342 |     34 |    489 |    348 |   2 |  688.0 |
               +--------+--------+--------+--------+--------+-----+--------+

Top non-repeatable levels by time:
     D:9: 2188 daAuts
     D:8: 1890 daAuts
    D:12: 1602 daAuts
     D:4: 1573 daAuts
     D:6: 1557 daAuts
    D:11: 1548 daAuts
     D:1: 1307 daAuts
    D:10: 1082 daAuts
     D:5: 912 daAuts
     D:3: 859 daAuts
     D:2: 855 daAuts
     D:7: 818 daAuts
   Orc:2: 750 daAuts
   Orc:1: 625 daAuts
    D:13: 164 daAuts
